 Dungeon Crawl Stone Soup version 0.17.0-7-gfadd4cc (webtiles) character file.

226 MDvedh the Skirmisher (level 6, -4/52 HPs)
             Began as a Hill Orc Ice Elementalist on Nov 8, 2015.
             Was an Initiate of Beogh.
             Killed from afar by an orc wizard (9 damage)
             ... with a puff of flame
             ... on level 4 of the Dungeon.
             The game lasted 00:08:11 (4653 turns).

MDvedh the Skirmisher (Hill Orc Ice Elementalist)   Turns: 4653, Time: 00:08:11

Health: -4/52      AC:  7    Str: 13    XL:     6   Next: 1%
Magic:  8/8        EV:  9    Int: 15    God:    Beogh [......]
Gold:   109        SH:  0    Dex: 11    Spells: 1 memorised, 7 levels left

rFire  . . .     SeeInvis .     s - +0 flail
rCold  . . .     Clarity  .     n - +0 scale mail
rNeg   . . .     SustAt   .     (no shield)
rPois  .         Gourm    .     (no helmet)
rElec  .         Spirit   .     (no cloak)
rCorr  .         Warding  .     (no gloves)
rMut   .         Stasis   .     (no boots)
MR     .....                    (no amulet)
Stlth  ..........               (no ring)
                                (no ring)

@: not resistant to hostile enchantments, extremely unstealthy
A: no striking features
a: Renounce Religion


You were on level 4 of the Dungeon.
You worshipped Beogh.
Beogh was noncommittal.
You were not hungry.

You visited 1 branch of the dungeon, and saw 4 of its levels.

You collected 109 gold pieces.

Inventory:

Hand Weapons
 e - a +0 mace
 s - a +0 flail (weapon)
Armour
 n - a +0 scale mail (worn)
Jewellery
 t - a +1 ring of evasion {unknown}
Scrolls
 a - a scroll of immolation {unknown}
 f - 2 scrolls of remove curse {unknown}
 g - a scroll of blinking {unknown}
 l - a scroll of enchant armour {unknown}
 m - 2 scrolls of enchant weapon {unknown}
 q - 2 scrolls of recharging {unknown}
 u - a scroll of amnesia {unknown}
Potions
 d - a potion of heal wounds {unknown}
 k - a potion of mutation {unknown}
 o - a potion of curing
 r - a potion of flight {unknown}
 v - a potion of might {unknown}
 w - a potion of agility {unknown}
Books
 b - a book of Frost

   Spells                             Type                      Level
   a - Freeze                         Ice                          1
   b - Throw Frost                    Conjuration/Ice              2
   c - Ozocubu's Armour               Charms/Ice                   3
   d - Throw Icicle                   Conjuration/Ice              4
   e - Summon Ice Beast               Ice/Summoning                4
   f - Condensation Shield            Ice                          4
Comestibles
 c - 5 bread rations
 h - 9 fruits
 i - a beef jerky
 j - 2 meat rations


   Skills:
 + Level 4.0 Fighting
 + Level 1.8 Maces & Flails
 + Level 4.0 Armour
 - Level 1.5 Dodging
 - Level 1.5 Stealth
 - Level 1.5 Spellcasting
   Level 1.0 Conjurations
 - Level 2.7 Ice Magic


You had 7 spell levels left.
You knew the following spells:

 Your Spells              Type           Power        Failure   Level  Hunger
a - Freeze                Ice            #...         34%         1    ##.....


Dungeon Overview and Level Annotations

Branches:
Dungeon (4/15)
 Temple: D:4-7

Altars:
Ashenzari


Message History

The puff of flame hits you!
* * * LOW HITPOINT WARNING * * *
You miss something. Something hits you but does no damage.
Drink which item? (? for menu, Esc to quit)
Okay, then.
You miss something. Something hits you but does no damage.
You barely miss something. Something hits you but does no damage.
You barely miss something. Something hits you but does no damage.
Something hits you but does no damage.
You miss something.
You hear some strange, mumbled words.
A puff of flame appears from out of thin air!
The puff of flame hits you!
* * * LOW HITPOINT WARNING * * *
You closely miss something.
You hear some strange, mumbled words.
A puff of flame appears from out of thin air!
The puff of flame hits you!
You die...
Beogh appreciates something's killing of a heretic priest.

### #..
####.####
#..... .#
#.##.# .#
.#.####.##@#
o#
.........{<#
.#
#.####.#####.#
#.....o{#
#########


There were no monsters in sight!

Vanquished Creatures
  An orc priest (D:3)
  Terence (D:2)
  A worker ant (D:3)
  4 gnolls (D:2)
  4 adders
  An ooze (D:4)
  2 worms
  A giant gecko (D:1)
  An orc (D:4)
  7 hobgoblins
  7 jackals (D:3)
  3 quokkas
  5 bats
  4 giant cockroaches
  3 giant newts (D:1)
  12 goblins
  4 kobolds
  6 rats
67 creatures vanquished.

Vanquished Creatures (others)
  An orc (D:3)
  A bat (D:3)
  A giant newt (D:3)
  2 jackals (D:3)
5 creatures vanquished.

Grand Total: 72 creatures vanquished

Notes
Turn   | Place    | Note
--------------------------------------------------------------
     0 | D:1      | MDvedh the Hill Orc Ice Elementalist began the quest for the Orb.
     0 | D:1      | Reached XP level 1. HP: 14/14 MP: 3/3
   275 | D:1      | Reached skill level 1 in Armour
   540 | D:1      | Reached XP level 2. HP: 10/22 MP: 4/4
   616 | D:1      | Reached skill level 1 in Fighting
  1210 | D:1      | Reached XP level 3. HP: 26/28 MP: 5/5
  1531 | D:2      | Noticed Terence
  1551 | D:2      | Killed Terence
  1734 | D:2      | Found a shattered altar of Ashenzari.
  1770 | D:2      | Reached XP level 4. HP: 24/37 MP: 6/6
  2007 | D:2      | Reached skill level 3 in Fighting
  3074 | D:2      | Reached XP level 5. HP: 45/45 MP: 7/7
  3570 | D:3      | Became a worshipper of Beogh the Brigand
  4230 | D:3      | Reached skill level 1 in Maces & Flails
  4401 | D:3      | Reached skill level 4 in Fighting
  4401 | D:3      | Reached XP level 6. HP: 12/52 MP: 8/8
  4653 | D:4      | Killed from afar by an orc wizard

Action                   |  1- 3 |  4- 6 || total
-------------------------+-------+-------++-------
Melee: Mace              |   161 |    76 ||   237
       Flail             |       |   158 ||   158
 Cast: Freeze            |     3 |       ||     3
Invok: Convert to Beogh  |       |     1 ||     1
  Use: Potion            |       |     1 ||     1
 Stab: Sleeping          |     1 |       ||     1
  Eat: Chunk             |     3 |     8 ||    11
       Bread ration      |       |     1 ||     1
